 Dungeon Crawl Stone Soup version 0.29.1-15-g9cfb28693d (webtiles) character file.

Game seed: 10731266872471374283

1324 Calibrex the Trooper (level 8, 0/67 HPs)
             Began as a Demonspawn Berserker on Mar 25, 2023.
             Was a Priest of Trog.
             Slain by a kobold
             ... wielding a +0 club
              (3 damage)
             ... on level 6 of the Dungeon.
             The game lasted 00:20:03 (4902 turns).

Calibrex the Trooper (Demonspawn Berserker)         Turns: 4902, Time: 00:20:04

Health: 0/67       AC: 10    Str: 19    XL:     8   Next: 33%
Magic:  0/8        EV: 14    Int:  9    God:    Trog [***...]
Gold:   76         SH:  4    Dex: 13    Spells: 7/7 levels left

rFire   . . .      SeeInvis .   n - +0 trident (flame)
rCold   + . .      Faith    .   E - orb {mayhem}
rNeg    . . .      Spirit   +   v - +1 scale mail {rC+}
rPois   .          Reflect  .   (helmet restricted)
rElec   .          Harm     .   (no cloak)
rCorr   .          Rampage  .   (no gloves)
Will    +....                   (no boots)
Stlth   ..........              w - amulet of guardian spirit
HPRegen 0.21/turn               b - +4 ring of evasion
MPRegen 0.11/turn               d - ring of willpower

@: about to teleport, on berserk cooldown
A: antennae 1, icy blue scales 1, demonic guardian 2, condensation shield
a: Renounce Religion, Berserk, Trog's Hand


You were on level 6 of the Dungeon.
You worshipped Trog.
Trog was most pleased with you.
You visited 1 branch of the dungeon, and saw 6 of its levels.

You collected 209 gold pieces.
You spent 133 gold pieces at shops.

Inventory:

Hand Weapons
 n - a +0 trident of flaming (weapon)
 A - a +1 halberd of protection
 D - a +1 spear of venom
Missiles
 j - 11 poisoned darts (quivered)
 o - 2 throwing nets
 r - 5 boomerangs
Armour
 s - a +1 helmet
 v - a +1 scale mail of cold resistance (worn)
 E - an orb of mayhem (worn)
Jewellery
 b - a +4 ring of evasion (left hand)
 d - a ring of willpower (right hand)
 w - an amulet of guardian spirit (around neck)
 F - a ring of protection from cold
Wands
 a - a wand of flame (16)
 B - a wand of charming (16)
Scrolls
 e - 6 scrolls of identify
 l - 2 scrolls of noise {unknown}
 m - 2 scrolls of amnesia {unknown}
 u - 3 scrolls of immolation {unknown}
 x - a scroll of magic mapping {unknown}
 y - a scroll of enchant weapon {unknown}
 C - a scroll of enchant armour
Potions
 c - a potion of invisibility {unknown}
 f - a potion of haste {unknown}
 g - 3 potions of flight {unknown}
 h - a potion of brilliance {unknown}
 k - 2 potions of curing
 p - 2 potions of might {unknown}
 q - 2 potions of mutation {unknown}
 t - 2 potions of ambrosia {unknown}
 z - a potion of degeneration {unknown}


   Skills:
 * Level 7.1 Fighting
 * Level 6.5 Polearms
 + Level 4.4 Armour
 - Level 1.7 Dodging


You had 7 spell levels left.
You didn't know any spells.
Your spell library was empty.

Dungeon Overview and Level Annotations

Branches:
Dungeon (6/15)             Temple (0/1) D:5

Altars:

Shops:
D:3 [


Innate Abilities, Weirdness & Mutations

You have a pair of small antennae on your head.
You are partially covered in icy blue scales. (AC +2)
A demonic guardian rushes to your aid.
A meltable shield of frost defends you. (SH +4)


Message History

You closely miss Eustachio.
Eustachio is heavily wounded.
The centaur shouts!
Eustachio hits you but does no damage.
The centaur wields a +0 shortbow.
The centaur shoots an arrow.
The arrow barely misses you. You block the bat's attack.
Eustachio hits you with a +1 falchion of electrocution!
A demonic guardian appears!
The bat closely misses you.
Eustachio hits you with a +1 falchion of electrocution!
The centaur shoots an arrow.
The arrow hits you.
Your orange demon misses Eustachio.
Your orange demon hits Eustachio but does no damage.
Eustachio hits you with a +1 falchion of electrocution.
You are electrocuted!
* * * LOW HITPOINT WARNING * * *
The kobold hits you with a +0 club.
* * * LOW HITPOINT WARNING * * *
Eustachio hits the bat with a +1 falchion of electrocution!
The bat dies!
The bat's corpse disappears in a puff of smoke!
Your orange demon stings Eustachio.
Eustachio looks as sick as possible!
Your orange demon poisons Eustachio!
Your orange demon hits Eustachio.
As you read the scroll of teleportation, it crumbles to dust.
You feel strangely unstable.
The centaur shoots an arrow.
The arrow barely misses Eustachio.
The arrow hits you.
* * * LOW HITPOINT WARNING * * *
The kobold hits you but does no damage.
The kobold throws a stone.
The stone barely misses Eustachio.
The stone hits you but does no damage.
Eustachio misses the kobold.
The centaur shoots an arrow.
The arrow closely misses Eustachio.
You block the arrow.
Your orange demon stings Eustachio.
Your orange demon hits Eustachio.
Eustachio dies!
Trog accepts your kill.
Trog appreciates your killing of a magic user.
Your Fighting skill increases to level 7!
You feel better.
The centaur shoots an arrow.
The arrow hits you!
* * * LOW HITPOINT WARNING * * *
The kobold hits you with a +0 club.
You die...

.#............).
..........c.....
.!..............#
#...............#
................#
................#
......K†.......#
##..#K).......#
#4@.....#.#
##......#
#.....## #.....##
{#......##
#.......##.
#..).#.....
###.......###
##.##........


You could see a centaur, 2 kobolds and a friendly orange demon (summoned).

Vanquished Creatures
  3 ogres
  The ghost of Barneous the Sneak, an amateur OpWn (D:3)
  A gnoll sergeant (D:5)
  A scorpion (D:5)
  4 hounds
  2 jellies
  3 orc priests
  A gnoll bouda (D:5)
  An iguana (D:5)
  8 adders
  8 gnolls
  3 worms (D:2)
  10 orcs
  11 ball pythons
  7 bats
  5 endoplasms
  4 giant cockroaches
  9 goblins
  A hobgoblin (D:1)
  2 jackals (D:2)
  4 quokkas
  3 frilled lizards
  8 kobolds
  4 rats
104 creatures vanquished.

Vanquished Creatures (collateral kills)
  Eustachio (D:6)
  Menkaure (D:6)
  An iguana (D:3)
  3 gnolls
  A worm (D:4)
  A ball python (D:4)
8 creatures vanquished.

Vanquished Creatures (others)
  A hobgoblin (D:6)
  2 plants (D:1)
3 creatures vanquished.

Grand Total: 115 creatures vanquished

Notes
Turn   | Place    | Note
-------+----------+-------------------------------------------
     0 | D:1      | Calibrex the Demonspawn Berserker began the quest for the
                  | Orb.
     0 | D:1      | Reached XP level 1. HP: 18/18 MP: 1/1
   232 | D:1      | Gained mutation: A meltable shield of frost defends you.
                  | (SH +4) [demonic ancestry]
   232 | D:1      | Reached XP level 2. HP: 19/24 MP: 2/2
   796 | D:2      | Reached XP level 3. HP: 23/29 MP: 3/3
  1405 | D:2      | Found a faded altar of an unknown god.
  1508 | D:2      | Gained mutation: You are partially covered in icy blue
                  | scales. (AC +2) [demonic ancestry]
  1508 | D:2      | Reached XP level 4. HP: 37/37 MP: 4/4
  1514 | D:2      | Reached skill level 4 in Fighting
  1687 | D:2      | Reached ** piety under Trog
  1983 | D:3      | Found Wusu's Antique Armour Shop.
  2193 | D:3      | Gained mutation: A weak demonic guardian rushes to your
                  | aid. [demonic ancestry]
  2193 | D:3      | Reached XP level 5. HP: 40/42 MP: 5/5
  2615 | D:3      | Found a runed translucent gate.
  2615 | D:3      | Found a runed translucent gate.
  2616 | D:3      | Found a runed translucent gate.
  2619 | D:3      | Noticed Barneous's ghost (amateur OpWn)
  2628 | D:3      | Killed Barneous's ghost
  2912 | D:3      | Bought a glowing scale mail for 133 gold pieces
  2999 | D:4      | Reached XP level 6. HP: 50/50 MP: 6/6
  3004 | D:4      | Reached skill level 5 in Fighting
  3653 | D:5      | Entered Level 5 of the Dungeon
  3692 | D:5      | Reached skill level 5 in Polearms
  3815 | D:5      | Gained mutation: A demonic guardian rushes to your aid.
                  | [demonic ancestry]
  3815 | D:5      | Reached XP level 7. HP: 56/56 MP: 7/7
  4216 | D:5      | Found a staircase to the Ecumenical Temple.
  4347 | D:5      | Reached skill level 6 in Fighting
  4593 | D:6      | Noticed Menkaure
  4597 | D:6      | Killed Menkaure
  4597 | D:6      | Reached *** piety under Trog
  4745 | D:6      | Gained mutation: You have a pair of small antennae on your
                  | head. [demonic ancestry]
  4745 | D:6      | Reached XP level 8. HP: 62/65 MP: 6/8
  4886 | D:6      | Noticed Eustachio
  4901 | D:6      | HP: 1/65 [centaur/arrow (4)]
  4901 | D:6      | Killed Eustachio
  4902 | D:6      | Reached skill level 7 in Fighting
  4902 | D:6      | Slain by a kobold

Illustrated notes

Levels and vault maps discovered:
D:1:      mrwooster_arrival_statue, layout_rooms, serial_forest,
          infiniplex_forest_pool, infiniplex_forest_clump_small,
          infiniplex_forest_end_2, infiniplex_forest_straight_4,
          infiniplex_forest_lined_2, infiniplex_forest_clump_cross,
          infiniplex_forest_clump_cross
D:2:      layout_loops_ring, dreamdust_ecumenical_altar_grove
D:3:      minmay_wonky_spiral, layout_loops_ring, lemuel_coloured_pillars_altar,
          ebering_ghost_rock_garden, serial_shops,
          nicolae_shop_advertising_works [nicolae_subvault_shop_adworks],
          hangedman_decor_lopped
D:4:      layout_rooms
D:5:      layout_loops_ring, minmay_temple_entry_poolview, serial_bayou_pond_a
D:6:      cheibrodos_thug_alley, layout_cave_pools, minmay_misc_feat_x,
          corexii_shack, uniq_menkaure, uniq_eustachio, uniq_crazy_yiuf_cottage

Skill      XL: |  1  2  3  4  5  6  7  8 |
---------------+-------------------------+-----
Armour         | 2 3 4 |  4.4
Polearms       | 3 4 5 6 |  6.5
Fighting       | 4 5 6 7 |  7.1
Dodging        | |  1.7

Action                   |  1- 3 |  4- 6 |  7- 9 || total
-------------------------+-------+-------+-------++-------
Melee: Spear             |   138 |   198 |    11 ||   347
       Punch             |       |     2 |       ||     2
       Trident           |       |       |    56 ||    56
       Halberd           |       |       |    21 ||    21
Throw: Dart              |       |     1 |     1 ||     2
Invok: Berserk           |     1 |     4 |     4 ||     9
       Trog's Hand       |       |     1 |       ||     1
  Use: Scroll            |       |     2 |     2 ||     4
       Potion            |       |       |     1 ||     1
Armor: Scale mail        |    23 |    39 |    25 ||    87
Dodge: Dodged            |    55 |   101 |    46 ||   202
Block: Other             |     9 |    17 |     9 ||    35
       Orb               |       |       |     6 ||     6
